[Event "7th Sharjah Masters 2024"]
[Site "Sharjah"]
[Date "2024.05.19"]
[Round "6.1"]
[White "Shankland, Sam"]
[Black "Aravindh, Chithambaram VR."]
[Result "1/2-1/2"]
[ECO "D02"]
[WhiteElo "2671"]
[BlackElo "2671"]
[Annotator "TA"]
[PlyCount "47"]
[EventDate "2024.05.13"]
[EventType "swiss"]
[EventCountry "UAE"]
[SourceTitle "playchess.com"]
[Source "ChessBase"]
[SourceQuality "1"]
[TimeControl "5400+30"]

1. d4 d5 2. Nf3 Bf5 3. Bf4 e6 4. Nbd2 Bd6 5. Bxd6 Qxd6 {[%emt 0:03:47] The position is equal.} 6. c4 Nf6 7. Qb3 b6 8. Rc1 O-O 9. e3 Nbd7 10. cxd5 exd5 11. Ba6 c5 12. Qa3 Ne8 13. dxc5 bxc5 14. Bb5 Nef6 15. O-O Qb6 16. Bxd7 Nxd7 17. Rfd1 Rfc8 18. e4 dxe4 19. Nxe4 Bxe4 20. Rxd7 Rd8 21. Rcd1 h6 22. h3 Rxd7 23. Rxd7 Qe6 24. Rd1 {[%emt 0:05:36] A rather calm draw.   Weighted Error Value: White=0.04 (flawless) /Black=0.04 (flawless) .  Inaccurate:     	White=1     	---        OK:         	White=6     	Black=8      Best:        	White=1     	---} 1/2-1/2

[Event "7th Sharjah Masters 2024"]
[Site "Sharjah"]
[Date "2024.05.19"]
[Round "6.2"]
[White "Daneshvar, Bardiya"]
[Black "Niemann, Hans Moke"]
[Result "1/2-1/2"]
[ECO "D46"]
[WhiteElo "2582"]
[BlackElo "2689"]
[Annotator "TA"]
[PlyCount "90"]
[EventDate "2024.05.13"]
[EventType "swiss"]
[EventCountry "UAE"]
[SourceTitle "playchess.com"]
[Source "ChessBase"]
[SourceQuality "1"]
[TimeControl "5400+30"]

1. d4 Nf6 2. c4 e6 3. Nf3 d5 4. Nc3 c6 5. e3 Nbd7 6. Qc2 Bd6 7. Bd3 dxc4 8. Bxc4 b5 9. Bd3 Bb7 10. O-O O-O 11. e4 e5 12. h3 Re8 13. dxe5 Nxe5 14. Nxe5 {[%emt 0:00:11] The position is equal.} Bxe5 15. Be3 Bd4 16. Rae1 a6 17. Bxd4 Qxd4 18. Ne2 Qb6 19. Ng3 g6 (19... Nd7 $11) 20. e5 $16 Nd5 21. Ne4 Rad8 {[%emt 0:06:53][%cal Oe8e7] [#]} (21... Rxe5 $2 22. Nf6+ Nxf6 23. Rxe5 $18) 22. Qd2 $1 Rxe5 {[%emt 0:16:38] [#] Hoping for ...c5.} 23. Nf6+ $1 Nxf6 24. Rxe5 c5 25. Qe3 Kg7 26. Re1 (26. Rxc5 $2 Rxd3 27. Qxd3 Qxc5 $19) 26... Rd4 27. Bf1 (27. Re7 {feels hotter.} Qc6 28. Bf1 Bc8 29. Qe5) 27... Qd6 28. Qc3 Nd5 $1 (28... Ne4 $2 29. R5xe4 (29. R1xe4 b4 $18) 29... Bxe4 30. Rxe4 $18) 29. Qc1 h5 30. b3 Bc8 (30... b4 $11 {keeps the balance.}) 31. R5e4 {[%emt 0:06:13] aiming for Rxd4.} Bf5 32. Rxd4 cxd4 {[%emt 0:00:02] [#]} 33. Rd1 $1 Nf4 ({Wrong is} 33... Nc3 $2 34. Qxc3 dxc3 35. Rxd6 $18) 34. Qb2 Ne6 35. h4 Be4 36. Qd2 Bb7 37. a4 Qd8 38. axb5 axb5 39. Qe2 ({Much weaker is} 39. Bxb5 $6 Bxg2 40. Kxg2 Qd5+ 41. f3 Qxb5 $11) 39... Qxh4 40. Qxb5 Qe4 41. Qd3 {[%emt 0:01:22] And now Qxe4 would win.} Qg4 {[%emt 0:02:11] White is slightly better.} 42. Qe2 $1 {[%emt 0:00:55] Black must now prevent Qxg4.} Qg5 {[%emt 0:00:21] ...Nf4 is the strong threat.} 43. Re1 Nf4 44. Qe5+ Qxe5 45. Rxe5 d3 {[%emt 0:00:05] Weighted Error Value: White=0.06 (flawless) /Black=0.12 (very precise) .  Mistake:       	---       	Black=2      Inaccurate:     	White=3     	Black=3      OK:         	White=17    	Black=10     Best:        	White=2     	Black=3      Strong:       	White=3     	Black=1      Brilliant:      	White=1     	---} 1/2-1/2

[Event "7th Sharjah Masters 2024"]
[Site "Sharjah"]
[Date "2024.05.19"]
[Round "6.3"]
[White "Salem, A.R. Saleh"]
[Black "Tabatabaei, M. Amin"]
[Result "1/2-1/2"]
[ECO "E11"]
[WhiteElo "2629"]
[BlackElo "2707"]
[Annotator "TA"]
[PlyCount "120"]
[EventDate "2024.05.13"]
[EventType "swiss"]
[EventCountry "UAE"]
[SourceTitle "playchess.com"]
[Source "ChessBase"]
[SourceQuality "1"]
[TimeControl "5400+30"]

1. d4 Nf6 2. c4 e6 3. Nf3 d5 4. g3 Bb4+ 5. Bd2 Be7 6. Bg2 O-O 7. O-O Nbd7 8. Qc2 c6 9. Rd1 b6 10. b3 a5 {[%emt 0:00:30] E11: Bogo-Indian.} 11. Bc3 Bb7 12. Nbd2 Qc7 13. Bb2 c5 14. cxd5 exd5 $146 ({Predecessor:} 14... Nxd5 15. dxc5 Nxc5 16. Rac1 Rfd8 17. Qb1 Ba6 18. Nc4 Bf6 19. Bd4 Bxd4 20. Nxd4 Rd7 {½-½ Rudykh,S (2208)-Vliet,E (2213) CZE Bilina09 email 2018}) 15. a4 Nb8 16. Rac1 Na6 17. dxc5 bxc5 18. Nd4 Nb4 19. Qb1 Rfe8 20. Nf5 Ba6 21. Bf1 Qb6 22. e4 Bxf1 23. Rxf1 dxe4 24. Nxe7+ (24. Nxe4 Nxe4 25. Qxe4 Bf8 (25... Bf6 26. Qb1 $11)) 24... Rxe7 25. Bxf6 Qxf6 (25... gxf6 $11 26. Nxe4 Rd8) 26. Nxe4 $16 Qg6 27. Rc4 Na6 28. Rd1 Re6 ({Better is} 28... Nb4) 29. Qd3 $16 (29. Nxc5 Qxb1 30. Rxb1 Nxc5) 29... h6 30. Nxc5 Qxd3 31. Rxd3 (31. Nxd3 Rd8 $16) 31... Nxc5 32. Rxc5 Rb6 33. Rb5 (33. h4 $16) 33... Rxb5 $1 $14 34. axb5 Kf8 35. Kg2 Ke7 36. Kf3 Rc8 37. Ke4 Rc5 $2 (37... Ke6 $16) 38. Rd5 $1 $18 (38. b6 Rb5 $11) 38... Rc3 {[%emt 0:00:30] [#]} 39. b4 (39. Kd4 $142 $1 Rxb3 40. Kc5) 39... a4 40. Kd4 Rc1 41. Rc5 $1 (41. b6 Rd1+ 42. Kc5 Rxd5+ 43. Kxd5 Kd7 $17) 41... Rb1 42. Rc7+ Kd6 43. Rc6+ (43. Rxf7 a3 (43... Rxb4+ 44. Kc3 $11) 44. Ra7 (44. Rxg7 $2 {perishes.} a2 $19) 44... Rxb4+ 45. Kd3 Rxb5 $11) 43... Kd7 44. Ra6 $1 Rxb4+ 45. Kc5 Rb2 {[%emt 0:00:30] [#]} 46. Rxa4 (46. f4 $1 $16) 46... Rxf2 $11 47. Rf4 Rc2+ (47... Rxf4 $1 $11 48. gxf4 g5) 48. Kb6 $16 Ke6 {[%emt 0:00:30] [#]} 49. h4 (49. Rh4 $1 $16) 49... g5 $11 50. Ra4 Rc3 51. hxg5 hxg5 52. g4 f5 53. gxf5+ Kxf5 54. Ka6 g4 55. b6 Rb3 56. Ra5+ Ke4 57. b7 Rxb7 58. Kxb7 g3 59. Ra3 Kf4 60. Rxg3 Kxg3 1/2-1/2

[Event "7th Sharjah Masters 2024"]
[Site "Sharjah"]
[Date "2024.05.19"]
[Round "6.4"]
[White "Yuffa, Daniil"]
[Black "Erigaisi Arjun"]
[Result "0-1"]
[ECO "A50"]
[WhiteElo "2617"]
[BlackElo "2762"]
[Annotator "TA"]
[PlyCount "84"]
[EventDate "2024.05.13"]
[EventType "swiss"]
[EventCountry "UAE"]
[SourceTitle "playchess.com"]
[Source "ChessBase"]
[SourceQuality "1"]
[TimeControl "5400+30"]

1. d4 Nf6 2. c4 b6 3. Nc3 Bb7 4. Qc2 Nc6 5. Nf3 Nb4 6. Qb1 Bxf3 7. gxf3 g6 8. f4 {[%emt 0:03:15] White is slightly better.} Bg7 9. Bg2 {[%emt 0:03:32] Dodges e6} ({Better is} 9. e4 $1 $16) 9... Rb8 $11 10. a3 Nc6 11. Qd3 O-O 12. e4 e6 13. Be3 Nh5 {[%emt 0:03:36][%cal Oc6d4] White must now prevent ...Nxd4!} 14. Bf3 Qh4 15. Ne2 $1 a6 16. Rg1 b5 17. c5 b4 18. Rg5 (18. a4 $11) 18... bxa3 $17 (18... Qxh2 19. O-O-O (19. Bxh5 h6 $17) 19... bxa3 20. bxa3 Nxd4 21. Nxd4 Nxf4 22. Qc4 $18 (22. Qxa6 Ra8 $17)) 19. bxa3 {[%emt 0:00:20] [#]} Nxd4 {[%emt 0:11:52] Black is more active.} 20. Nxd4 $11 Nxf4 21. Bxf4 Qxf4 22. Rg3 Qe5 23. Rd1 Qxc5 24. Kf1 Rb2 {[%emt 0:00:26][%mdl 1024] Black has compensation.} 25. Be2 Rfb8 26. Qc4 Qb6 (26... Qxc4 $11 27. Bxc4 c6) 27. Rgd3 (27. Re3 $14) 27... c6 28. Nf3 d5 29. exd5 cxd5 30. Qf4 h6 31. h4 Rc8 32. Ne5 Rc7 33. Re3 Qb7 {[%emt 0:00:06][%cal Od5d4] And now ...d4! would win.} 34. Nd3 {[%emt 0:02:57] [#]} (34. Bd3 $11 {keeps the balance.}) 34... d4 $1 $17 (34... Rc4 $6 35. Qg3 Rb6 36. Kg2 $11) 35. Re4 {[%emt 0:02:33] [#]} (35. f3 $17 {keeps fighting.} dxe3 36. Nxb2) 35... Rb5 $2 (35... Rxe2 $1 $19 36. Kxe2 g5 37. hxg5 hxg5) 36. Bf3 $15 {[%emt 0:00:44][%cal Oe4e6] aiming for Rxe6!} Rf5 $1 37. Qg3 Rc3 38. Rf4 $2 {[%emt 0:00:50] Now White is beyond hope.} (38. Bg2 $11 {and White stays safe.}) 38... Qb3 $19 39. Rxf5 {[%emt 0:01:59] Hoping for Rc5.} Rxd3 ({Worse is} 39... exf5 40. Ke2 $11) 40. Rxf7 $2 (40. Rf4 Be5 (40... Rxd1+ 41. Bxd1 Qxd1+ 42. Kg2 $11) 41. Rxd3 Qxd3+ 42. Be2) 40... Rxd1+ {[%emt 0:00:28] Black is clearly winning.} ({Weaker is} 40... Kxf7 41. Qc7+ Kg8 42. Rxd3 Qxd3+ 43. Kg2 $11) 41. Kg2 Kxf7 42. Qc7+ Kg8 {[%emt 0:00:26] Weighted Error Value: White=0.53/Black=0.11 (very precise) .  Loses game:     	White=1     	---        Missed win:     	---       	Black=1      Mistake:       	White=6     	Black=2      Inaccurate:     	White=2     	Black=2      OK:         	White=15    	Black=17     Best:        	White=2     	Black=4      Strong:       	White=1     	Black=2} 0-1

[Event "7th Sharjah Masters 2024"]
[Site "Sharjah"]
[Date "2024.05.19"]
[Round "6.5"]
[White "Murzin, Volodar"]
[Black "Yu, Yangyi"]
[Result "1/2-1/2"]
[ECO "C67"]
[WhiteElo "2634"]
[BlackElo "2729"]
[Annotator "TA"]
[PlyCount "26"]
[EventDate "2024.05.13"]
[EventType "swiss"]
[EventCountry "UAE"]
[SourceTitle "playchess.com"]
[Source "ChessBase"]
[SourceQuality "1"]
[TimeControl "5400+30"]

1. e4 e5 2. Nf3 Nc6 3. Bb5 Nf6 4. O-O Nxe4 5. Re1 Nd6 6. Nxe5 Be7 7. Bf1 Nf5 8. Nf3 O-O 9. d4 d5 {[%emt 0:00:09] White is slightly better.} 10. c3 Bd6 11. Nbd2 Re8 12. Rxe8+ Qxe8 13. Bd3 Nce7 {[%emt 0:01:08] Weighted Error Value: White=0.02 (flawless) /Black=0.04 (flawless) .  OK:         	White=4     	Black=1} 1/2-1/2

[Event "7th Sharjah Masters 2024"]
[Site "Sharjah"]
[Date "2024.05.19"]
[Round "6.6"]
[White "Sarana, Alexey"]
[Black "Sankalp Gupta"]
[Result "1-0"]
[ECO "D27"]
[WhiteElo "2706"]
[BlackElo "2532"]
[Annotator "TA"]
[PlyCount "135"]
[EventDate "2024.05.13"]
[EventType "swiss"]
[EventCountry "UAE"]
[SourceTitle "playchess.com"]
[Source "ChessBase"]
[SourceQuality "1"]
[TimeControl "5400+30"]

1. d4 d5 2. c4 dxc4 3. Nf3 Nf6 4. e3 e6 5. Bxc4 c5 6. O-O a6 7. dxc5 {[%emt 0:00:30] 7.b3 is the modern continuation.} Bxc5 8. Qxd8+ Kxd8 9. Be2 {[%emt 0:00:30] D27: Queen's Gambit Accepted: Classical main line: 7 e4!? and 7 a4.} Ke7 10. Nc3 b5 11. Nd2 Bb7 12. Nb3 Nbd7 13. Na5 Ra7 14. a4 b4 15. Na2 Bd5 16. Rd1 $146 ({Predecessor:} 16. Bd2 Ne4 17. Bxb4 Rb8 18. Bc3 Nxc3 19. Nxc3 Rxb2 20. Nxd5+ exd5 21. Nc6+ Kd6 22. Nxa7 Rxe2 {1-0 Manolache,M (2478)-Miszler,L (2252) Baia Mare Limpedea Cup 5th 2022 (2)}) 16... Nb8 17. Bd2 Bxa2 18. Rxa2 Rd8 19. Raa1 Ke8 20. Rac1 Be7 21. Kf1 Rad7 22. Be1 Nd5 23. Nc4 f5 24. Bf3 Nf6 25. Na5 Nd5 26. g4 g6 27. gxf5 exf5 28. Nc4 Nf6 29. Na5 Nd5 30. Rxd5 Rxd5 31. Nb7 (31. Bxd5 {simplifies} Rxd5 32. Rc8+ Rd8 33. Rc4) 31... Re5 32. Rc7 (32. Be2 $14) 32... a5 $1 $11 33. Nxd8 Kxd8 34. Ra7 Rc5 35. b3 Nd7 36. Be2 Bd6 37. Bb5 Bc7 38. f3 Rc2 (38... Kc8 $14) 39. Ra8+ ({White should play} 39. Bg3 $16) 39... Nb8 $1 $14 40. Bg3 Rc3 41. Ke2 Bxg3 42. hxg3 Kc7 $1 43. Ra7+ Kd6 (43... Kb6 $11 {remains equal.} 44. Rxh7 Rc2+ (44... Rxb3 45. Rg7 $18) 45. Kd1 Rc3) 44. Rxh7 $16 Nc6 (44... Rxb3 45. Rg7) 45. Rh6 Ne7 (45... Ne5 46. f4 Ng4 47. Rxg6+ Kd5 48. Bc4+ Kc5 49. e4 (49. Re6 Rc2+ 50. Ke1 Rb2 $18)) 46. Bc4 Rc2+ 47. Kd3 Rg2 48. Rh3 g5 (48... Nd5 $16) 49. Rh6+ $18 Kc7 50. Re6 Kd7 51. g4 fxg4 52. fxg4 Rxg4 {[%emt 0:00:30] [#]} 53. Ra6 $1 Rg1 54. Rxa5 Kd6 (54... g4 $16 {keeps fighting.} 55. Rg5 g3) 55. Ra6+ Kc5 (55... Kc7 $16 56. Re6 Nf5) 56. Ra5+ Kd6 57. Ke4 Nc6 58. Rd5+ Kc7 59. Rf5 Kb6 $2 (59... g4 60. Rg5 g3) 60. a5+ $18 Ka7 (60... Kc7 $142 61. a6 Rg4+ 62. Kf3 Rg1 63. Rf7+ Kd6) 61. Rf7+ $18 Kb8 62. a6 Ra1 63. Rb7+ Kc8 64. Be6+ Kd8 {[%emt 0:00:30] [#]} 65. Rd7+ $1 Ke8 66. Rc7 Rxa6 67. Bd7+ Ke7 68. Rxc6 1-0

[Event "7th Sharjah Masters 2024"]
[Site "Sharjah"]
[Date "2024.05.19"]
[Round "6.7"]
[White "Sindarov, Javokhir"]
[Black "Fedoseev, Vladimir"]
[Result "1-0"]
[ECO "C49"]
[WhiteElo "2684"]
[BlackElo "2702"]
[Annotator "TA"]
[PlyCount "84"]
[EventDate "2024.05.13"]
[EventType "swiss"]
[EventCountry "UAE"]
[SourceTitle "playchess.com"]
[Source "ChessBase"]
[SourceQuality "1"]
[TimeControl "5400+30"]

1. e4 e5 2. Nf3 Nf6 3. Nc3 Nc6 4. Bb5 Bb4 5. O-O O-O 6. d3 Re8 7. Nd5 Nxd5 8. exd5 a6 9. Bc4 {[%emt 0:00:30] The position is equal.} Na5 10. a3 Nxc4 11. axb4 Nb6 {[%emt 0:00:30] [#]} 12. d6 $1 Nd5 13. d4 e4 (13... Nxb4 $6 14. Bg5 (14. dxe5 h6 $16) (14. Nxe5 cxd6 15. Nxf7 Qf6 $16) 14... f6 15. Bd2 $16) 14. Ne5 Qh4 {[%emt 0:00:30] Inhibits Qh5.} (14... cxd6 $11 15. Nxf7 Qe7) 15. Ra3 $1 $16 {[%emt 0:00:30] And now Rh3 would win.} Qf6 $2 {[%emt 0:00:30] Loses the game.} (15... cxd6 $16 16. Nxf7 Qe7 (16... Kxf7 $2 17. Rh3 $18)) 16. Qh5 {[%emt 0:00:30] Rh3 would now be deadly. Black is weak on the dark squares} g6 {[%emt 0:00:30] [#]} 17. Rg3 $1 {[%emt 0:00:30] White is more active.} (17. Nxg6 hxg6 18. Qxd5 Qxd6 19. Qxd6 cxd6) 17... Qe6 {[%emt 0:00:30] Dodges Ng4} (17... Kh8 18. Nxg6+ fxg6 19. Qxd5 Qxd6 20. Qxd6 cxd6) 18. Qh4 (18. f4 $142 {Threatens to win with f5.} Nf6 19. Qd1) 18... cxd6 19. Ng4 {[%emt 0:00:30] c4 is the strong threat.} b5 {[%emt 0:00:30][%cal Oc8b7] [#]} 20. b3 $1 {[%emt 0:00:30] aiming for c4.} f5 21. Nh6+ Kg7 22. c4 Bb7 23. cxd5 Bxd5 24. Bf4 Rf8 25. Rh3 Rac8 26. g4 fxg4 27. Nxg4 h5 28. Bh6+ Kg8 29. Ne3 Rf7 30. Rg3 Kh7 31. Nxd5 (31. Qg5 Re8 32. Ra1 (32. Nxd5 Rf5 $18) 32... Bb7 $18) 31... Qxd5 32. Be3 Rc3 33. Qg5 Qxg5 34. Bxg5 Rff3 35. Ra1 Rxb3 36. Rxa6 Rb2 (36... d5 $142 37. Rd6 Rxb4 38. Rxd7+ (38. Rxd5 Rb1+ 39. Kg2 Rf7 $18) 38... Kg8 39. Rxd5 Rxg3+ 40. hxg3 Rb1+ 41. Kg2 b4) 37. Rxf3 $18 {[%emt 0:00:30] White is clearly winning.} exf3 {[%emt 0:00:30] KRB-KR} 38. h4 (38. Rxd6 $2 {leads to mate.} Rb1+) 38... Rxb4 39. Rxd6 Rc4 40. Rxd7+ Kg8 41. Kh2 b4 42. Be3 b3 {[%emt 0:00:30] Weighted Error Value: White=0.29 (precise) /Black=0.39.  Loses game:     	---       	Black=1      Mistake:       	White=1     	Black=3      Inaccurate:     	White=2     	---        OK:         	White=17    	Black=11     Best:        	White=1     	Black=4      Strong:       	White=3     	---} 1-0

[Event "7th Sharjah Masters 2024"]
[Site "Sharjah"]
[Date "2024.05.19"]
[Round "6.8"]
[White "Maghsoodloo, Parham"]
[Black "Theodorou, Nikolas"]
[Result "1-0"]
[ECO "E71"]
[WhiteElo "2733"]
[BlackElo "2617"]
[Annotator "TA"]
[PlyCount "100"]
[EventDate "2024.05.13"]
[EventType "swiss"]
[EventCountry "UAE"]
[SourceTitle "playchess.com"]
[Source "ChessBase"]
[SourceQuality "1"]
[TimeControl "5400+30"]

1. d4 Nf6 2. c4 g6 3. Nc3 Bg7 4. e4 d6 5. h3 O-O 6. Be3 Nc6 {[%emt 0:00:30] E71: King's Indian: 4 e4 d6 5 h3.} 7. d5 Ne5 8. Qc2 $5 {[%emt 0:00:30][%mdl 4] An interesting side line.} e6 9. f4 Ned7 10. dxe6 fxe6 11. g4 Qe7 $146 ({Predecessor:} 11... b5 12. cxb5 Bb7 13. Nf3 Qe7 14. Bg2 a6 15. bxa6 Bxa6 16. Nd4 Nc5 17. O-O-O Nfd7 {1-0 Erigaisi,A (2616)-Mamedov,R (2678) Lindores Abbey Blitz Tal Memorial 2021 (8.1)}) 12. Nge2 Nb6 13. b3 d5 14. e5 Nfd7 15. Bg2 Nxe5 16. fxe5 Qh4+ 17. Kd2 Bh6 18. Qd3 dxc4 19. Qe4 Nd5 20. Nxd5 exd5 21. Qd4 Be6 22. g5 (22. Bxd5 $2 Bxe3+ 23. Qxe3 Bxd5 $19) 22... Bxg5 23. Qxh4 (23. Bxd5 $2 Bxe3+ 24. Kxe3 Qg5+ (24... Qf2+ $2 25. Kd2 $19) 25. Nf4 Qg3+ 26. Ke2 Rxf4 $19) 23... Bxh4 24. Nd4 Rfe8 25. bxc4 dxc4 26. Bxb7 Rad8 {[%emt 0:00:30] [#]} 27. Ke2 $1 Bd5 28. Bxd5+ Rxd5 29. Nf3 Bg3 {[%emt 0:00:30] [#]} 30. Rhd1 $1 (30. Bxa7 Bxe5 31. Nxe5 Rexe5+ 32. Kf1 Rf5+ 33. Ke2 Rfe5+ 34. Kf2 Rf5+ 35. Kg2 Rd2+ 36. Kg3 Rd3+ 37. Kh2 Rd2+ 38. Kg3 Rd3+ 39. Kh2 Rd2+ 40. Kg1 Rg5+ 41. Kf1 Rf5+ 42. Kg1 Ra5 $11) 30... Bxe5 31. Rxd5 Bxa1 32. Rc5 Rb8 33. a4 (33. Rxc7 Rb2+ 34. Kd1 Rxa2) 33... Rb4 34. a5 (34. Rxc7 a5 35. Bh6 Bf6) 34... a6 35. Nd2 c3 (35... Rb2 $142 36. Bd4 (36. Rxc7 Ra2 $18) (36. Rxc4 Rb5 $18) 36... Ra2) 36. Nc4 $18 Rb2+ (36... c2 $142 37. Kd2 (37. Rxc7 Rb3 $18) 37... Kf7 38. Rxc7+ (38. Kxc2 Ke6 $18) 38... Ke6 39. Kxc2 Kd5) 37. Kd3 $18 (37. Nxb2 $2 cxb2 $19) 37... Rh2 38. Rc6 c2 39. Rxa6 c5 40. Ra8+ (40. Bxc5 c1=Q (40... c1=R $2 41. Ra8+ Kg7 42. Ra7+ Kf6 43. Rxh7 $19) 41. Ra8+ Kf7 42. Ra7+ Ke6 43. Re7+ Kf6 44. Bd4+ Kxe7 45. Bxa1 Rxh3+ 46. Kd4 Rh4+ (46... Qxa1+ 47. Kd5 Qc3 48. Kc5 Rh5+ 49. Kb6 Qxc4 50. a6 Rb5+ 51. Ka7 Qc7+ 52. Ka8 Qb8#) 47. Kd3 Qxc4+ (47... Rxc4 48. Bg7 Qc2+ 49. Ke3 Qb3+ 50. Bc3 Rxc3+ 51. Ke4 Rc4+ 52. Ke5 Qb5#) 48. Kd2 Re4) 40... Kf7 41. a6 (41. Bxc5 c1=Q (41... c1=R 42. Nd6+ Ke7 43. Ne4+ Kd7 44. Ra7+ Kc6 45. Rxh7 $15) 42. Rf8+ Kg7 43. Bd4+ Kxf8 44. Bxa1 Rxh3+ 45. Kd4 Rh4+ (45... Qxa1+ {is a self mate.} 46. Kc5 Qc3 47. a6 Rh5+ 48. Kb6 Qxc4 49. Ka7 Qc7+ 50. Ka8 Rb5 51. a7 Qd8#) 46. Kd5 Qxc4+ (46... Qxa1 47. Nd6 Rd4+ 48. Kc6 Qc3+ 49. Kb6 Rxd6+ 50. Kb7 Qc6+ 51. Kb8 Rd8+ 52. Ka7 Ra8#) 47. Kd6 Qa6+ 48. Kd7 Qb5+ (48... Qxa5 {leads to mate.} 49. Bh8 Rc4 50. Bg7+ Kf7 51. Be5 Qb5+ 52. Kd8 Qe8#) 49. Kd6 Rc4 (49... Qxa5 50. Be5 Rh5 51. Kd7 Rxe5 52. Kd6 Qc5+ 53. Kd7 Re7+ 54. Kd8 Qc7#) 50. Ke6 Rc6+ 51. Kd7 Qd5#) 41... Bd4 42. Bd2 c1=Q 43. Bxc1 Rxh3+ 44. Be3 Bxe3 45. Nxe3 c4+ 46. Kxc4 Rxe3 47. a7 Re7 48. Rh8 Rc7+ 49. Kd4 Rd7+ 50. Ke4 Re7+ 1-0

[Event "7th Sharjah Masters 2024"]
[Site "Sharjah"]
[Date "2024.05.19"]
[Round "6.9"]
[White "Sevian, Samuel"]
[Black "Pranav, V."]
[Result "0-1"]
[ECO "C24"]
[WhiteElo "2699"]
[BlackElo "2587"]
[Annotator "TA"]
[PlyCount "138"]
[EventDate "2024.05.13"]
[EventType "swiss"]
[EventCountry "UAE"]
[SourceTitle "playchess.com"]
[Source "ChessBase"]
[SourceQuality "1"]
[TimeControl "5400+30"]

1. e4 e5 2. Nf3 Nc6 3. Bc4 Nf6 4. d3 d5 5. exd5 Nxd5 6. O-O Nb6 7. Bb3 Be7 8. Re1 Bg4 9. Nbd2 f6 10. h3 Bh5 11. Ne4 Nd4 12. g4 Nxb3 13. axb3 Bg6 14. Nh4 Qd7 15. Qf3 a6 16. Be3 Nd5 17. Bd2 O-O-O 18. Ng3 Kb8 19. Nhf5 Bc5 20. Ra4 h5 21. gxh5 Bxf5 22. Nxf5 Nf4 23. Rxf4 exf4 24. Bxf4 Rdg8 25. d4 Bb4 26. c3 g6 27. Nh6 Rc8 28. hxg6 Bd6 29. Re3 Qg7 (29... Bxf4 $1 $15 30. Qxf4) 30. Ng4 (30. Qg4 $11 Rxh6 (30... Bxf4 31. Nf5 $16) 31. Bxh6 Qxh6 32. h4) 30... Bxf4 $1 $17 31. Qxf4 Qxg6 32. Qxf6 Qb1+ 33. Kg2 Qxb2 (33... Rcf8 {is interesting.} 34. Qe5 Qxb2 35. b4 Rhg8) 34. b4 Rhg8 35. Qe6 Rcf8 36. Rf3 Re8 37. Qd5 Qc2 38. b5 {[%emt 0:00:30] [#]} (38. Kh2 $17) 38... a5 $1 $19 39. Kh2 Rd8 40. Qc5 b6 41. Qc4 Qc1 42. Rf7 Rc8 43. d5 Qd1 (43... Rgf8 44. Re7 Qd1 45. Rh7 $19) 44. Rd7 $2 (44. Rf4) 44... Rg6 $2 (44... Qf3 {( -> ...Rh8)} 45. d6 Rh8 (45... cxd6 $2 46. Qd4 $19) 46. dxc7+ Ka7) 45. Qe4 $19 {[%emt 0:00:30] [#]} Rd6 $1 (45... Rcg8 46. Qf4 Rc8 47. Qe4 $15) 46. Rxd6 cxd6 47. Qe6 $2 (47. Qe3 {was the only defense.} Kb7 (47... Qxd5 48. Qxb6+ Qb7 49. Qxa5 $14) (47... Rc5 48. Nf6 $11) 48. Nf6) 47... Rxc3 $2 (47... Qf3 $19 48. Qxd6+ Kb7 49. Qe7+ Rc7) 48. Qxd6+ $2 (48. Ne5 $1 $11 {and White stays safe.} Qd4 (48... dxe5 49. Qxb6+ Kc8 50. Qe6+ Kb7 51. Qa6+ Kb8 52. Qb6+ Kc8 53. Qa6+ Kd7 54. Qe6+ Kd8 55. Qf6+ Kc8 56. Qe6+ Kc7 57. Qxe5+ Kb6 58. Qf6+ Kxb5 59. Qxc3 $11) 49. Nc6+ Rxc6 50. bxc6 Qxf2+ 51. Kh1) 48... Kb7 $19 49. Ne5 $2 (49. Qe7+ Rc7 50. Qe4) 49... Qd4 $19 50. Kg2 (50. Ng4 $142) 50... Qe4+ $19 51. Kh2 Qf4+ 52. Kg2 a4 53. Qe6 Qe4+ 54. Kh2 Rc7 55. Qd6 Qf4+ 56. Kg2 a3 57. Qxa3 Qxe5 58. Qa6+ Kb8 59. Qxb6+ Kc8 60. Qa6+ Kd8 61. Qa8+ Rc8 62. Qa5+ Kd7 63. b6 Qe4+ 64. Kh2 Qf4+ 65. Kg2 Rg8+ 66. Kf1 Qc4+ 67. Ke1 Re8+ 68. Kd1 Qd3+ 69. Kc1 Rc8+ 0-1